 Dungeon Crawl Stone Soup version 0.24.0-123-gd5b16e6ec5 (webtiles) character file.

Game seed: 15116304391338780143, levelgen mode: deterministic

121 Elellon the Chopper (level 5, 0/45 HPs)
             Began as a Hill Orc Fighter on Jan 20, 2020.
             Slain by a gnoll
             ... wielding a +0 flail
              (7 damage)
             ... on level 3 of the Dungeon.
             The game lasted 00:02:01 (1773 turns).

Elellon the Chopper (Hill Orc Fighter)              Turns: 1773, Time: 00:02:01

Health: 0/45       AC: 11    Str: 20    XL:     5   Next: 5%
Magic:  5/5        EV:  3    Int:  8    God:
Gold:   86         SH:  9    Dex: 10    Spells: 4/4 levels left

rFire    . . .     SeeInvis .   a - +0 war axe
rCold    . . .     Gourm    .   c - +0 shield
rNeg     . . .     Faith    .   o - +0 plate armour
rPois    .         Spirit   .   (no helmet)
rElec    .         Reflect  .   (no cloak)
rCorr    .         Harm     .   (no gloves)
MR       .....                  (no boots)
Stlth    ..........             (no amulet)
HPRegen  0.15/turn              (no ring)
MPRegen  0.09/turn              (no ring)

@: no status effects
A: no striking features
a: no special abilities


You were on level 3 of the Dungeon.
You were not hungry.

You visited 1 branch of the dungeon, and saw 3 of its levels.

You collected 86 gold pieces.

Inventory:

Hand Weapons
 a - a +0 war axe (weapon)
 b - a +2 whip of freezing
Armour
 c - a +0 shield (worn)
 o - a +0 plate armour (worn)
Jewellery
 k - an uncursed amulet of the gourmand {unknown}
 m - an uncursed ring of protection from magic {unknown}
Scrolls
 e - a scroll of immolation {unknown}
 h - 3 scrolls of identify {unknown}
 i - 4 scrolls of remove curse {unknown}
 j - 4 scrolls of teleportation {unknown}
Potions
 d - a potion of might
 l - a potion of curing {unknown}
 n - a potion of mutation {unknown}
 p - a potion of resistance {unknown}
Comestibles
 f - 8 rations
 g - 2 chunks of flesh


   Skills:
 - Level 3.6 Fighting
 + Level 6.7 Axes
 - Level 3.2 Armour
 - Level 3.2 Shields


You had 4 spell levels left.
You didn't know any spells.
Your spell library was empty.

Dungeon Overview and Level Annotations

Branches:
Dungeon (3/15)

Altars:


Message History

The gnoll hits you with a +0 flail.
* * * LOW HITPOINT WARNING * * *
You hit the gnoll but do no damage.
The gnoll is heavily wounded.
You closely miss the gnoll. You block the gnoll's attack.
The gnoll hits you with a +0 flail.
* * * LOW HITPOINT WARNING * * *
You slash the gnoll!
You kill the gnoll!
You have reached level 5!
You feel stronger.
Your plate armour prevents you from hitting the gnoll.
You block the gnoll's attack.
You hit the gnoll.
The gnoll is heavily wounded.
You block the gnoll's attack.
Your shield and plate armour prevent you from hitting the gnoll.
The gnoll is heavily wounded.
The gnoll hits you with a +0 flail!
You die...

#####...........## ##
.................# ...
#####......[..##.##.##.
.........<............
..#.....#.##..#.....##
#.#........#........$.
.................######.
..#.....#....#..g......#
.##..........##)@......#
#.#############..)......
<.# ........### ..#
###.#....# #.# #.#...?#
#.# #.#...## ### #.#...#
# #. ...# .


You could see a gnoll.

Vanquished Creatures
  3 gnolls
  2 adders (D:2)
  2 oozes (D:2)
  4 dart slugs
  2 leopard geckos (D:2)
  5 giant cockroaches (D:1)
  5 hobgoblins
  5 kobolds
  3 quokkas (D:2)
  2 ball pythons
  8 bats
  2 frilled lizards (D:2)
  6 goblins
  7 rats
56 creatures vanquished.

Notes
Turn   | Place    | Note
-------+----------+-------------------------------------------
     0 | D:1      | Elellon the Hill Orc Fighter began the quest for the Orb.
     0 | D:1      | Reached XP level 1. HP: 19/19 MP: 1/1
    15 | D:1      | Reached skill level 3 in Axes
    91 | D:1      | Reached XP level 2. HP: 25/26 MP: 2/2
   291 | D:1      | Reached skill level 4 in Axes
   541 | D:1      | Reached XP level 3. HP: 19/31 MP: 3/3
   755 | D:2      | Reached skill level 5 in Axes
   970 | D:2      | Reached XP level 4. HP: 32/39 MP: 4/4
  1420 | D:2      | Reached skill level 6 in Axes
  1771 | D:3      | Reached XP level 5. HP: 6/45 MP: 5/5
  1773 | D:3      | Slain by a gnoll

Levels and vault maps discovered:
D:1:      lightli_arrival_statuegarden, layout_basic,
          minmay_misc_feat_secret_circle, minmay_worlds_worst_comb
D:2:      layout_basic, minmay_joined_circles
D:3:      layout_basic, lemuel_statue_altar, uniq_crazy_yiuf_cottage,
          uniq_natasha

Skill      XL: |  1  2  3  4 |
---------------+-------------+-----
Axes           | 3 4 5 6 |  6.7
Fighting       | |  3.6
Armour         | |  3.2
Shields        | |  3.2

Action                   |  1- 3 |  4- 6 || total
-------------------------+-------+-------++-------
Melee: War axe           |    77 |    93 ||   170
  Eat: Chunk             |       |     3 ||     3
Armor: Scale mail        |    36 |    21 ||    57
       Plate armour      |       |    11 ||    11
Dodge: Dodged            |    26 |    22 ||    48
Block: Shield            |    42 |    58 ||   100
